Map: Lost and Found LE

Players

McMonroe

  • Race: Zerg Zerg
  • Spawn Location: 7:00

Future - Winner!

  • Race: Terran Terran
  • Spawn Location: 1:00

Event: WCS Austin 2018

VOD

Have the link to the VOD?

Description

Time

  • Played on: June 1, 2018, 3:10 p.m.
  • Length: 23:31

All games in this series

Show
View Real Time Build Order
Export as new Build Order

McMonroe Zerg 

Build Orders: Hatch First, Muta Ling Bane 

Get SALT Encoding   

  12  0:00  Drone  
  13  0:12  Overlord  
  13  0:17  Drone  
  14  0:31  Drone x2  
  14  0:35  Drone  
  17  0:51  Hatchery  
  17  0:53  Drone  
  17  0:56  Drone  
  18  1:07  Extractor  
  18  1:11  Spawning Pool  
  16  1:14  Drone  
  16  1:18  Drone  
  18  1:28  Drone  
  19  1:38  Overlord  
  19  1:51  Drone  
  20  1:58  Queen  
  20  2:00  Zergling x2  
  23  2:03  Queen, Zergling x2  
  26  2:17  Hatchery, Drone  
  26  2:21  Drone  
  27  2:23  Drone  
  27  2:28  Metabolic Boost  
  28  2:32  Drone  
  28  2:37  Drone  
  28  2:38  Drone  
  28  2:43  Overlord  
  30  2:47  Drone  
  31  2:54  Drone, Queen  
  34  3:00  Drone  
  35  3:08  Drone  
  35  3:09  Drone  
  35  3:10  Overlord  
  35  3:11  Drone x2  
  39  3:15  Queen  
  41  3:20  Drone x2  
  43  3:29  Drone x2  
  43  3:32  Queen  
  47  3:34  Queen  
  47  3:38  Overlord  
  47  3:41  Overlord  
  49  3:46  Evolution Chamber  
  49  3:47  Drone  
  49  3:56  Spore Crawler  
  49  4:00  Drone x5  
  54  4:04  Drone x3  
  54  4:07  Overlord  
  54  4:08  Drone  
  57  4:14  Zerg Ground Armor Level 1  
  57  4:17  Overlord  
  57  4:18  Drone  
  57  4:21  Drone  
  59  4:24  Overlord  
  59  4:26  Zergling x4  
  59  4:29  Zergling x4  
  63  4:31  Zergling x4  
  63  4:37  Queen  
  67  4:39  Zergling x4  
  67  4:44  Zergling x10  
  74  4:48  Overlord  
  74  4:53  Zergling x8  
  74  4:54  Zergling x4  
  74  4:58  Extractor  
  74  4:59  Baneling Nest  
  78  5:01  Drone x2  
  78  5:03  Drone  
  81  5:10  Overlord  
  81  5:12  Drone  
  82  5:16  Lair  
  82  5:20  Zergling x2  
  82  5:21  Overlord  
  82  5:22  Overlord x3  
  79  5:34  Zergling x2  
  79  5:35  Zergling x14  
  80  5:39  Zergling x2  
  80  5:40  Hatchery  
  76  5:47  Zergling x4  
  76  5:48  Baneling x3  
  76  5:49  Drone x2  
  80  5:52  Extractor  
  75  5:57  Drone x3  
  75  5:58  Drone x2  
  75  6:00  Drone x2  
  75  6:03  Drone x2  
  84  6:08  Drone x2, Zerg Melee Weapons Level 1  
  86  6:12  Overlord, Extractor  
  86  6:16  Centrifical Hooks  
  85  6:18  Baneling  
  85  6:20  Zergling x10  
  85  6:21  Baneling  
  89  6:30  Zergling x10  
  94  6:36  Overlord  
  94  6:37  Drone  
  94  6:38  Drone x3, Extractor  
  97  6:44  Hatchery  
  96  6:47  Drone x2  
  96  6:48  Drone x3  
  96  6:53  Overlord  
  101  6:58  Drone x3, Extractor  
  103  7:03  Zergling x4  
  103  7:04  Spire  
  103  7:06  Evolution Chamber  
  103  7:08  Baneling x2  
  103  7:10  Baneling x2  
  103  7:14  Zergling x10  
  106  7:17  Zergling x2  
  106  7:18  Zergling x10  
  106  7:19  Baneling x3  
  112  7:27  Zergling x6  
  115  7:35  Zerg Ground Armor Level 2  
  115  7:41  Zergling x16  
  115  7:42  Zergling x10  
  128  7:47  Baneling x3  
  128  7:48  Drone x3  
  128  7:49  Drone  
  128  7:50  Drone  
  133  7:56  Baneling x3  
  133  7:57  Baneling, Zergling x2  
  133  7:58  Zergling x6  
  137  8:01  Drone x4  
  137  8:02  Drone x3  
  143  8:08  Drone x6  
  132  8:16  Baneling x6  
  132  8:21  Mutalisk x4, Drone x3  
  132  8:23  Extractor x2  
  138  8:37  Mutalisk x4  
  138  8:38  Mutalisk  
  143  8:44  Hatchery  
  143  8:47  Mutalisk  
  142  8:50  Zergling x26  
  142  8:51  Zergling x4  
  142  8:53  Baneling x2  
  142  8:54  Baneling x4  
  156  8:57  Overlord  
  156  8:59  Overlord x2  
  156  9:02  Baneling x6  
  156  9:05  Baneling x3  
  156  9:14  Baneling x8  
  156  9:17  Zergling x20  
  156  9:18  Zergling x4  
  164  9:25  Zergling x16  
  164  9:26  Zergling x2  
  164  9:30  Zergling x4  
  166  9:32  Baneling  
  166  9:33  Baneling x11  
  166  9:35  Zergling x6  
  167  9:38  Zergling x4  
  167  9:43  Baneling x5  
  167  9:44  Zergling x4  
  136  9:54  Mutalisk  
  136  9:55  Mutalisk x3  
  138  10:00  Mutalisk  
  139  10:12  Zergling x2  
  139  10:13  Zergling x22  
  146  10:19  Zerg Melee Weapons Level 2  
  146  10:20  Zerg Flyer Weapons Level 1  
  146  10:21  Mutalisk x2  
  146  10:24  Baneling x5  
  146  10:26  Zergling x4  
  146  10:27  Zergling x24  
  164  10:33  Drone x2  
  166  10:38  Infestation Pit  
  166  10:40  Zergling x12  
  166  10:42  Overlord x2  
  161  11:12  Zergling x36  
  161  11:14  Baneling x12  
  161  11:17  Hatchery  
  172  11:21  Hive  
  172  11:23  Zergling x2  
  172  11:24  Zergling x28  
  187  11:38  Baneling x3  
  187  11:44  Baneling  
  187  11:45  Baneling  
  187  11:48  Baneling x4  
  167  12:03  Zergling x2  
  167  12:04  Zergling x44  
  167  12:08  Baneling x7  
  175  12:20  Zergling x2  
  175  12:21  Zergling x22  
  157  12:30  Baneling x3  
  157  12:31  Baneling x6  
  144  12:41  Zerg Ground Armor Level 3, Zerg Melee Weapons Level 3  
  144  12:42  Mutalisk  
  144  12:43  Mutalisk x12  
  169  12:50  Zergling x2  
  169  12:51  Zergling x10  
  153  13:01  Zergling x4  
  153  13:02  Zergling x8  
  149  13:12  Baneling x2  
  149  13:13  Baneling x7, Zergling x2  
  149  13:14  Zergling x24  
  149  13:17  Hatchery  
  149  13:19  Zergling x2  
  165  13:20  Zergling x8  
  165  13:22  Hatchery  
  165  13:37  Baneling x8  
  165  13:38  Baneling x2  
  165  13:48  Zerg Flyer Armor Level 1  
  165  13:52  Ultralisk Cavern  
  165  13:53  Zergling x14  
  165  13:54  Zergling x32  
  185  13:57  Adrenal Glands  
  185  14:16  Baneling  
  185  14:20  Zergling x30  
  189  14:35  Zergling x22  
  189  14:37  Baneling x7  
  192  14:48  Spore Crawler  
  183  14:56  Zergling x2  
  183  14:57  Zergling x26  
  180  15:00  Baneling  
  151  15:07  Zergling x2  
  151  15:08  Zergling x32  
  151  15:10  Zergling x4  
  151  15:13  Zergling x6  
  136  15:29  Baneling x4  
  136  15:32  Baneling x5  
  136  15:33  Zergling x24  
  143  15:38  Baneling x2  
  143  15:40  Zergling x10  
  148  15:43  Chitinous Plating  
  148  15:55  Baneling  
  148  16:03  Ultralisk x2  
  160  16:05  Pathogen Glands  
  140  16:13  Ultralisk  
  146  16:25  Ultralisk  
  152  16:28  Baneling  
  152  16:29  Baneling x9  
  151  16:38  Baneling x4  
  151  16:39  Baneling  
  147  16:47  Zergling x34  
  129  16:51  Baneling x5  
  144  17:00  Zergling x14  
  145  17:18  Infestor  
  145  17:19  Infestor  
  146  17:24  Infestor x2  
  146  17:25  Hatchery  
  146  17:26  Infestor  
  151  17:32  Baneling  
  151  17:33  Baneling x3  
  118  17:52  Infestor x6  
  128  18:00  Drone x3  
  128  18:01  Drone x2  
  128  18:02  Drone  
  134  18:08  Corruptor  
  136  18:23  Baneling x4  
  130  18:40  Corruptor  
  130  18:41  Hatchery, Corruptor x2  
  135  18:51  Zergling x4  
  135  18:52  Zergling x2  
  135  18:54  Corruptor  
  140  18:59  Corruptor  
  140  19:01  Overseer  
  140  19:02  Overseer  
  142  19:06  Corruptor  
  142  19:09  Greater Spire  
  144  19:13  Drone x2  
  146  19:21  Corruptor x2  
  146  19:41  Ultralisk x2  
  152  19:54  Zergling x2  
  152  19:55  Zergling x24  
  162  20:07  Zergling x10  
  162  20:12  Baneling  
  162  20:13  Baneling x4  
  145  20:34  Zergling x18  
  100  20:54  Brood Lord x3  
  100  20:55  Brood Lord  
  104  21:04  Brood Lord  
  105  21:17  Brood Lord  
  107  21:31  Hatchery  
  106  21:41  Brood Lord  
  106  21:42  Brood Lord  
  110  21:49  Brood Lord  
  112  21:54  Corruptor  
  106  22:12  Zergling x2  
  106  22:13  Zergling x14  
  113  22:24  Corruptor  
  113  22:28  Corruptor  
  117  22:39  Corruptor x2  
  121  22:47  Corruptor  
Show
View Real Time Build Order
Export as new Build Order

Future Terran - Winner!

Build Orders: Reaper Expand, MMM Bio 

Get SALT Encoding   

  12  0:00  SCV  
  13  0:12  SCV  
  14  0:17  Supply Depot  
  14  0:25  SCV  
  15  0:38  SCV  
  15  0:40  Barracks  
  16  0:43  Refinery  
  16  0:50  SCV  
  17  1:03  SCV  
  18  1:15  SCV  
  19  1:27  Orbital Command, Reaper  
  20  1:38  Command Center  
  20  1:49  Barracks  
  20  1:53  SCV  
  21  2:00  Barracks Reactor  
  21  2:05  SCV  
  21  2:08  Supply Depot  
  22  2:12  Refinery  
  22  2:17  SCV  
  22  2:22  Factory  
  23  2:30  SCV  
  24  2:39  Barracks Tech Lab  
  24  2:40  Marine x2  
  24  2:42  SCV  
  27  2:51  Orbital Command  
  27  2:57  Marine  
  27  2:58  Marine x2  
  30  3:01  Stimpack  
  30  3:04  SCV  
  31  3:13  Starport  
  33  3:21  Factory Reactor  
  33  3:23  Marine x2  
  33  3:24  Marine  
  33  3:25  SCV  
  35  3:27  SCV  
  36  3:34  Supply Depot  
  36  3:37  SCV  
  36  3:41  Marine x2  
  38  3:42  Marine  
  38  3:43  SCV  
  41  3:49  SCV  
  42  3:57  Supply Depot  
  42  3:59  SCV  
  42  4:00  Marine  
  42  4:01  Marine x2  
  45  4:05  SCV  
  45  4:06  Medivac x2  
  50  4:11  SCV  
  50  4:12  Supply Depot  
  51  4:17  SCV  
  51  4:18  Marine x2  
  51  4:19  Marine  
  51  4:24  Engineering Bay, SCV  
  56  4:29  Engineering Bay, SCV  
  57  4:36  Marine x3, SCV  
  61  4:42  SCV  
  61  4:44  Supply Depot  
  62  4:48  SCV  
  62  4:49  Supply Depot  
  63  4:54  Marine x2, SCV  
  63  4:55  Terran Infantry Weapons Level 1  
  63  4:56  Terran Infantry Armor Level 1  
  63  4:58  Marine  
  67  5:00  SCV  
  67  5:06  SCV  
  69  5:15  Command Center  
  69  5:19  Marine  
  69  5:20  Marine x2  
  72  5:24  Supply Depot, SCV  
  73  5:32  Combat Shields  
  71  5:37  Marine x2  
  71  5:38  Marine  
  69  5:43  Refinery  
  69  5:44  Refinery  
  69  5:47  SCV  
  69  5:49  Barracks x2, SCV  
  71  5:53  Barracks  
  71  5:57  Marine x2  
  71  5:58  Marine  
  71  6:02  Armory  
  74  6:06  Medivac x2  
  74  6:10  SCV x2  
  80  6:12  Factory Reactor  
  80  6:18  Marine x3  
  80  6:22  SCV  
  84  6:27  SCV  
  84  6:28  Orbital Command  
  85  6:35  SCV  
  85  6:36  Marine x3  
  85  6:37  Barracks Reactor x2  
  89  6:44  Barracks Reactor  
  89  6:49  SCV  
  89  6:52  SCV  
  89  6:54  Orbital Command, Marine x2  
  91  6:56  Terran Infantry Weapons Level 2  
  91  6:57  Terran Infantry Armor Level 2  
  91  7:00  Marine  
  91  7:01  SCV  
  95  7:04  Widow Mine  
  95  7:05  Widow Mine, SCV  
  100  7:11  Marine  
  100  7:12  Marine  
  100  7:13  Marine x2  
  100  7:14  Marine x2  
  106  7:16  Medivac  
  106  7:17  SCV  
  109  7:34  Marine x6, Medivac, Supply Depot, SCV x2  
  109  7:36  Supply Depot x2, SCV  
  120  7:38  Widow Mine  
  120  7:39  Widow Mine  
  120  7:42  Marine  
  125  7:47  Supply Depot  
  125  7:49  Supply Depot  
  125  7:55  Medivac, Marine x3, SCV x3  
  133  8:00  Marine  
  133  8:01  Widow Mine x2, Marine  
  133  8:04  Marine  
  140  8:08  SCV  
  135  8:15  Marine x2  
  135  8:16  SCV x2  
  138  8:20  Marine  
  138  8:22  Medivac  
  138  8:23  Widow Mine x2  
  138  8:25  Medivac  
  147  8:28  Marine x2  
  147  8:29  Marine x4  
  147  8:30  SCV x2  
  147  8:31  SCV  
  151  8:42  SCV  
  151  8:43  Marine  
  151  8:47  SCV x2  
  154  8:51  Marine x8  
  164  8:55  Widow Mine  
  164  9:01  Marine, Supply Depot x3  
  165  9:22  Widow Mine, Marine x6  
  172  9:24  Marine  
  172  9:28  Widow Mine, Marine  
  172  9:29  Marauder  
  154  9:34  Barracks x2  
  154  9:36  Barracks  
  153  9:40  Marine x6  
  153  9:43  Marine, Missile Turret  
  153  9:44  Widow Mine, Missile Turret  
  145  9:46  Marine  
  145  9:49  Marine  
  145  9:50  SCV  
  126  9:54  SCV  
  126  9:58  SCV  
  125  10:08  Marine  
  125  10:09  Marine x7  
  125  10:13  Missile Turret  
  132  10:16  Missile Turret  
  132  10:23  Marauder, Barracks Tech Lab x2  
  132  10:25  Liberator  
  134  10:28  Marine  
  134  10:29  Supply Depot x2, Marine x7  
  134  10:30  Supply Depot  
  134  10:31  Supply Depot  
  134  10:32  Widow Mine  
  144  10:36  Widow Mine  
  149  10:44  Marauder  
  149  10:46  Marine x3  
  149  10:47  Marauder  
  155  10:55  Terran Infantry Weapons Level 3  
  148  11:00  SCV x3  
  148  11:03  Terran Infantry Armor Level 3  
  144  11:10  Marauder, Barracks Tech Lab  
  146  11:12  SCV x2  
  146  11:15  Marauder  
  150  11:24  Widow Mine  
  150  11:25  Widow Mine  
  156  11:26  Marauder, Marine x3  
  156  11:29  SCV  
  160  11:37  Supply Depot  
  160  11:46  Marauder x2, Marine x2  
  167  11:47  Marauder  
  167  11:48  Marine  
  167  11:53  Marauder  
  158  12:04  Marine x2  
  158  12:05  Marine x4  
  158  12:08  Marauder x2  
  158  12:09  Marauder, Marine  
  159  12:20  Marauder, Marine  
  159  12:21  Marine  
  159  12:24  Marine x2  
  139  12:31  Widow Mine x2  
  134  12:39  Marauder, Marine x5  
  137  12:44  Marine x3  
  114  13:00  Widow Mine x2  
  114  13:01  Marine x7  
  114  13:04  Marine  
  111  13:11  Supply Depot  
  111  13:18  Supply Depot  
  111  13:19  Marine  
  112  13:20  Marine  
  112  13:22  Widow Mine x2  
  112  13:25  Marauder, Marine  
  120  13:31  Marauder x2  
  124  13:38  Marine x7  
  131  13:42  Marauder  
  131  13:46  Marauder  
  135  13:54  Marine x3  
  138  13:56  Marine x4  
  142  14:04  Marauder  
  142  14:08  Marine  
  142  14:09  Marine x3  
  148  14:12  Marauder, Marine x2  
  148  14:13  Marine  
  148  14:14  Orbital Command, Marine  
  154  14:18  Widow Mine  
  156  14:25  Marauder  
  156  14:27  Marauder  
  160  14:33  Marine  
  160  14:35  Widow Mine  
  163  14:40  Marauder x2, Widow Mine  
  163  14:42  Marine x2  
  171  14:47  Marauder  
  168  14:56  Widow Mine  
  168  14:58  Marauder, Marine x4  
  167  15:01  Marauder  
  167  15:04  Marine x2  
  167  15:05  Marauder, Marine  
  144  15:07  Marine  
  144  15:09  Marine  
  144  15:12  Widow Mine  
  139  15:20  Marauder  
  137  15:23  Marine  
  137  15:25  Marine x2  
  137  15:26  Marine x6  
  141  15:31  Missile Turret  
  143  15:35  Marauder, Marine  
  143  15:41  Marine  
  145  15:44  Marauder  
  145  15:46  Marine  
  145  15:47  Marine x2  
  150  15:51  Widow Mine, Marine  
  150  15:54  Marauder  
  155  16:04  Marine x3  
  158  16:11  Marauder x2, Marine x3  
  158  16:13  Widow Mine  
  158  16:17  Widow Mine, Supply Depot x2  
  167  16:21  Marauder  
  167  16:25  Marauder, Marine x3  
  176  16:33  Marauder  
  176  16:38  Marine x3  
  176  16:39  Marauder  
  169  16:41  Marine  
  169  16:42  Marauder, Marine  
  169  16:43  Marine  
  169  16:46  Marauder  
  161  16:47  Marine x2  
  165  16:54  Marauder  
  165  16:55  Medivac  
  165  16:56  Marine x3  
  165  16:59  Marine  
  165  17:00  Marauder, Marine  
  174  17:07  Marine  
  174  17:08  Marauder x2, Marine  
  180  17:12  Marine  
  180  17:14  Marine  
  184  17:15  Marauder  
  184  17:16  Widow Mine  
  184  17:17  Marine  
  184  17:21  Marauder  
  187  17:26  Marine x2  
  187  17:29  Marauder  
  193  17:30  Marauder  
  185  17:41  Marauder  
  185  17:43  Marauder, Marine  
  142  17:50  Widow Mine x2  
  142  17:51  Marauder x2  
  134  17:52  Liberator  
  134  17:55  Liberator  
  134  18:00  Marine  
  134  18:03  Marauder  
  134  18:04  Marauder  
  137  18:12  Marauder x2  
  147  18:20  Marine x2  
  147  18:24  Marauder  
  147  18:25  Marauder  
  139  18:34  Concussive Shells  
  139  18:35  Marauder  
  139  18:36  Marauder  
  139  18:37  Liberator x2  
  139  18:39  Marine x2  
  139  18:41  Marine x6  
  157  19:03  Marine x4  
  157  19:04  Orbital Command  
  157  19:06  Marine  
  159  19:10  Marine x2  
  159  19:16  Marauder  
  163  19:21  Liberator  
  163  19:22  Liberator  
  163  19:35  Marauder x3  
  167  19:51  Marine x2  
  167  19:52  Marauder  
  171  19:56  Marauder  
  173  20:00  Marine  
  173  20:01  Marauder, Marine  
  173  20:02  Marine x2  
  173  20:04  Liberator  
  173  20:05  Widow Mine x2  
  173  20:06  Marine  
  173  20:07  Marine x2  
  182  20:09  Marine x2  
  182  20:12  Marine  
  187  20:17  Marine  
  150  20:37  Marine  
  150  20:38  Marauder x2  
  117  20:44  Marauder x2, Marine x7  
  114  20:55  Marine  
  113  20:59  Marauder, Medivac, Marine  
  113  21:01  Marine  
  113  21:02  Marine x6  
  122  21:04  Medivac  
  122  21:05  Marauder, Marine  
  121  21:13  Marine  
  121  21:17  Marauder  
  124  21:18  Ghost Academy  
  124  21:19  Marine x7  
  124  21:21  Marauder  
  124  21:23  Marauder  
  124  21:25  Refinery  
  135  21:26  Refinery, Marauder  
  135  21:29  Medivac  
  135  21:31  Marine  
  139  21:34  Medivac  
  139  21:37  Marine x7  
  139  21:39  Marauder  
  150  21:42  Marauder  
  150  21:44  Marauder  
  145  22:03  Marine x8  
  145  22:04  Marauder  
  139  22:14  Marauder, Marine x2  
  129  22:21  Marine x8  
  134  22:25  Marauder  
  136  22:31  Marine  
  136  22:32  Marine  
  136  22:35  Marine  
  139  22:39  Marine x8  
  139  22:42  Widow Mine x2  
  145  22:47  Marauder  
  145  22:49  Marine x2  
  145  22:58  Marine  
  136  23:09  Marine x5  
Tags
 
Add a new tag
Caveats
  • Supply blocks, unpowered buildings, or Contaminate may cause inaccurate times.
  • Supply counts are checked every 10 seconds.